TOP OF THE 1ST |
Iowa Cubs batting - Pitching for Reno Aces : RHP Jeff Whaley
|
Pitching: RHP Jeff Whaley
|
|
Batting: SHB Seung-ho Zhang
|
0-0: Ball 1-0: Ball 2-0: Ball 3-0: Called Strike 3-1: Base on Balls
|
Batting: RHB Jon Aguilar
|
0-0: Grounds into double play, 5-4-3 (Groundball, 56, EV 84.4 MPH)
|
Batting: LHB Mark Ingram
|
0-0: Ball 1-0: Ball 2-0: Reached on error, E6 (Groundball, 6, EV 85.6 MPH)
|
Batting: RHB Ricardo Aguinaga
|
0-0: Foul Ball, location: 2F 0-1: Fielders Choice at 2nd, 5-4 (Groundball, 56, EV 83.8 MPH)
|
Top of the 1st over - 0 runs, 0 hits, 1 error, 1 left on base; Iowa 0 - Reno 0 |
BOTTOM OF THE 1ST |
Reno Aces batting - Pitching for Iowa Cubs : RHP Ryohei Uda
|
Pitching: RHP Ryohei Uda
|
|
Batting: RHB Roberto Rodriguez
|
0-0: Fly out, F8 (Line Drive, 8RM, EV 96.9 MPH)
|
Batting: LHB Ian Jarvis
|
0-0: Foul Ball, location: 2F 0-1: Called Strike 0-2: Fly out, F9 (Flyball, 9, EV 87.5 MPH)
|
Batting: RHB Justin McQuarter
|
0-0: Called Strike 0-1: Ball 1-1: Ball 2-1: Fly out, F8 (Flyball, 8RS, EV 88.8 MPH)
|
Bottom of the 1st over - 0 runs, 0 hits, 0 errors, 0 left on base; Iowa 0 - Reno 0 |
TOP OF THE 2ND |
Iowa Cubs batting - Pitching for Reno Aces : RHP Jeff Whaley
|
Batting: SHB Gabriel Cruz
|
0-0: SINGLE (Flyball, 4MD, EV 86.9 MPH)
|
Batting: RHB Brian Gargis
|
0-0: Grounds into double play, 4-6-3 (Groundball, 34S, EV 90.0 MPH)
|
Batting: RHB Pat Barton
|
0-0: Ball 1-0: Called Strike 1-1: Foul Ball, location: 2F 1-2: Strikes out swinging
|
Top of the 2nd over - 0 runs, 1 hit, 0 errors, 0 left on base; Iowa 0 - Reno 0 |
BOTTOM OF THE 2ND |
Reno Aces batting - Pitching for Iowa Cubs : RHP Ryohei Uda
|
Batting: LHB Jeff Densmore
|
0-0: Ball 1-0: Ball 2-0: Ball 3-0: Base on Balls
|
Batting: LHB Kyle Beaulieu
|
0-0: Called Strike 0-1: Ball 1-1: Ball 2-1: Ball 3-1: Swinging Strike 3-2: Foul Ball, location: 2F 3-2: Strikes out swinging Jeff Densmore is caught stealing 2nd base 2-6 Batter strikes out.
|
Batting: LHB Kevin Ferguson
|
0-0: Ball 1-0: Ball 2-0: Ball 3-0: Called Strike 3-1: Foul Ball, location: 2F 3-2: Base on Balls
|
Batting: RHB Edgar Garcia
|
0-0: Called Strike Kevin Ferguson steals 2nd base 0-1: Ball 1-1: Called Strike 1-2: Foul Ball, location: 2F 1-2: Foul Ball, location: 2F 1-2: Strikes out swinging
|
Bottom of the 2nd over - 0 runs, 0 hits, 0 errors, 1 left on base; Iowa 0 - Reno 0 |
TOP OF THE 3RD |
Iowa Cubs batting - Pitching for Reno Aces : RHP Jeff Whaley
|
Batting: RHB Rich Thurman
|
0-0: Called Strike 0-1: Swinging Strike 0-2: Strikes out swinging
|
Batting: RHB Tony Mendez
|
0-0: Ball 1-0: Ball 2-0: Ball 3-0: Called Strike 3-1: SINGLE (Flyball, 6MD, EV 93.8 MPH)
|
Batting: SHB Seung-ho Zhang
|
0-0: Called Strike Tony Mendez steals 2nd, throwing error, E2 Tony Mendez to third 0-1: Ball 1-1: Ground out U3 (Groundball, 3, EV 85.0 MPH)
|
Batting: RHB Jon Aguilar
|
0-0: Foul Ball, location: 2F 0-1: Called Strike 0-2: Ball 1-2: Ball 2-2: Strikes out swinging
|
Top of the 3rd over - 0 runs, 1 hit, 1 error, 1 left on base; Iowa 0 - Reno 0 |
BOTTOM OF THE 3RD |
Reno Aces batting - Pitching for Iowa Cubs : RHP Ryohei Uda
|
Batting: RHB Dustin Clark
|
0-0: Ball 1-0: Foul Ball, location: 2F 1-1: Foul Ball, location: 2F 1-2: TRIPLE (Line Drive, 89XD, EV 108.8 MPH)
|
Batting: RHB Jose Sisneros
|
0-0: Ball 1-0: Ball 2-0: Ball 3-0: Called Strike 3-1: Foul Ball, location: 2F 3-2: Fly out, F9 (Flyball, 89D, EV 93.8 MPH) Runner from 3rd tags up, SCORES, throw by RF
|
Batting: RHB Roberto Rodriguez
|
0-0: Ground out 6-3 (Groundball, 6S, EV 68.8 MPH)
|
Batting: LHB Ian Jarvis
|
0-0: Ball 1-0: Swinging Strike 1-1: Foul Ball, location: 2F 1-2: Strikes out looking
|
Bottom of the 3rd over - 1 run, 1 hit, 0 errors, 0 left on base; Iowa 0 - Reno 1 |
TOP OF THE 4TH |
Iowa Cubs batting - Pitching for Reno Aces : RHP Jeff Whaley
|
Batting: LHB Mark Ingram
|
0-0: Called Strike 0-1: Foul Ball, location: 2F 0-2: Foul Ball, location: 2F 0-2: Strikes out looking
|
Batting: RHB Ricardo Aguinaga
|
0-0: Ball 1-0: Foul Ball, location: 2F 1-1: Called Strike 1-2: Ball 2-2: Foul Ball, location: 2F 2-2: Foul Ball, location: 2F 2-2: Foul Ball, location: 2F 2-2: Ball 3-2: Foul Ball, location: 2F 3-2: Foul Ball, location: 2F 3-2: Base on Balls
|
Batting: SHB Gabriel Cruz
|
0-0: Ball 1-0: Swinging Strike 1-1: Called Strike 1-2: Foul Ball, location: 2F 1-2: Grounds into double play, 6-4-3 (Groundball, 6, EV 103.8 MPH)
|
Top of the 4th over - 0 runs, 0 hits, 0 errors, 0 left on base; Iowa 0 - Reno 1 |
BOTTOM OF THE 4TH |
Reno Aces batting - Pitching for Iowa Cubs : RHP Ryohei Uda
|
Batting: RHB Justin McQuarter
|
0-0: Ground out 4-3 (Groundball, 34, EV 104.4 MPH)
|
Batting: LHB Jeff Densmore
|
0-0: Foul Ball, location: 2F 0-1: Ball 1-1: Swinging Strike 1-2: Strikes out swinging
|
Batting: LHB Kyle Beaulieu
|
0-0: Called Strike 0-1: Ball 1-1: Foul Ball, location: 2F 1-2: Foul Ball, location: 2F 1-2: Foul Ball, location: 2F 1-2: Foul Ball, location: 2F 1-2: SOLO HOME RUN (Flyball, 8RXD, EV 110.6 MPH), Distance : 421 ft
|
Batting: LHB Kevin Ferguson
|
0-0: Ball 1-0: Ball 2-0: Ground out 5-3 (Groundball, 56, EV 86.2 MPH)
|
Bottom of the 4th over - 1 run, 1 hit, 0 errors, 0 left on base; Iowa 0 - Reno 2 |
TOP OF THE 5TH |
Iowa Cubs batting - Pitching for Reno Aces : RHP Jeff Whaley
|
Batting: RHB Brian Gargis
|
0-0: Called Strike 0-1: Ball 1-1: Ball 2-1: Foul Ball, location: 2F 2-2: SINGLE (Line Drive, 6D, EV 103.8 MPH)
|
Batting: RHB Pat Barton
|
0-0: Ball 1-0: Grounds into double play, 4-6-3 (Groundball, 4S, EV 90.6 MPH)
|
Batting: RHB Rich Thurman
|
0-0: Swinging Strike 0-1: Ball 1-1: Called Strike 1-2: Ball 2-2: Ball 3-2: Strikes out looking
|
Top of the 5th over - 0 runs, 1 hit, 0 errors, 0 left on base; Iowa 0 - Reno 2 |
BOTTOM OF THE 5TH |
Reno Aces batting - Pitching for Iowa Cubs : RHP Ryohei Uda
|
Batting: RHB Edgar Garcia
|
0-0: Ball 1-0: Called Strike 1-1: Ball 2-1: Foul Ball, location: 2F 2-2: Foul Ball, location: 2F 2-2: Ground out 6-3 (Groundball, 6, EV 82.5 MPH)
|
Batting: RHB Dustin Clark
|
0-0: Ball 1-0: Ball 2-0: Called Strike 2-1: Fly out, F8 (Flyball, 78S, EV 93.1 MPH)
|
Batting: RHB Jose Sisneros
|
0-0: Foul Ball, location: 2F 0-1: Foul Ball, location: 2F 0-2: Ground out 6-3 (Groundball, 6, EV 83.8 MPH)
|
Bottom of the 5th over - 0 runs, 0 hits, 0 errors, 0 left on base; Iowa 0 - Reno 2 |
TOP OF THE 6TH |
Iowa Cubs batting - Pitching for Reno Aces : RHP Jeff Whaley
|
Batting: RHB Tony Mendez
|
0-0: Ball 1-0: Foul Ball, location: 2F 1-1: Ball 2-1: Foul Ball, location: 2F 2-2: Reached on error, E6 (Groundball, 6, EV 85.6 MPH)
|
Batting: SHB Seung-ho Zhang
|
0-0: Called Strike 0-1: Ball Tony Mendez is caught stealing 2nd base 2-6 1-1: Ball 2-1: Foul Ball, location: 2F 2-2: Ground out 4-3 (Groundball, 4, EV 90.0 MPH)
|
Batting: RHB Jon Aguilar
|
0-0: Ball 1-0: Called Strike 1-1: Foul Ball, location: 2F 1-2: Foul Ball, location: 2F 1-2: Foul Ball, location: 2F 1-2: Foul Ball, location: 2F 1-2: SOLO HOME RUN (Flyball, 78XD, EV 113.8 MPH), Distance : 421 ft
|
Batting: LHB Mark Ingram
|
0-0: Foul Ball, location: 2F 0-1: Ball 1-1: DOUBLE (Line Drive, 89M, EV 90.6 MPH)
|
Pitching: RHP Jose Fernandez
|
|
Batting: RHB Ricardo Aguinaga
|
0-0: Called Strike 0-1: Called Strike 0-2: Ball 1-2: SINGLE (Flyball, 78S, EV 94.4 MPH) Mark Ingram to third
|
Batting: SHB Gabriel Cruz
|
0-0: Ball 1-0: Called Strike 1-1: Ball 2-1: Swinging Strike 2-2: Foul Ball, location: 2F 2-2: SINGLE (Groundball, 56, EV 100.6 MPH) Mark Ingram scores Ricardo Aguinaga to second
|
Batting: RHB Brian Gargis
|
0-0: Called Strike 0-1: Ball 1-1: Ball 2-1: Foul Ball, location: 2F 2-2: Foul Ball, location: 2F 2-2: Strikes out looking
|
Top of the 6th over - 2 runs, 4 hits, 1 error, 2 left on base; Iowa 2 - Reno 2 |
BOTTOM OF THE 6TH |
Reno Aces batting - Pitching for Iowa Cubs : RHP Ryohei Uda
|
Batting: RHB Roberto Rodriguez
|
0-0: Ball 1-0: Ball 2-0: Foul Ball, location: 2F 2-1: Called Strike 2-2: Ball 3-2: Ground out 5-3 (Groundball, 5, EV 105.6 MPH)
|
Batting: LHB Ian Jarvis
|
0-0: Called Strike 0-1: Foul Ball, location: 2F 0-2: Ball 1-2: Foul Ball, location: 2F 1-2: Foul Ball, location: 2F 1-2: Ball 2-2: Strikes out swinging
|
Batting: RHB Justin McQuarter
|
0-0: Called Strike 0-1: SINGLE (Groundball, 5L, EV 106.2 MPH)
|
Batting: LHB Jeff Densmore
|
0-0: Ball 1-0: Fly out, F8 (Line Drive, 8LM, EV 110.6 MPH)
|
Bottom of the 6th over - 0 runs, 1 hit, 0 errors, 1 left on base; Iowa 2 - Reno 2 |
TOP OF THE 7TH |
Iowa Cubs batting - Pitching for Reno Aces : RHP Jose Fernandez
|
Pitching: RHP Mike Osgood
|
|
Batting: RHB Pat Barton
|
0-0: Called Strike 0-1: Foul Ball, location: 2F 0-2: Ball 1-2: Ball 2-2: Strikes out looking
|
Batting: RHB Rich Thurman
|
0-0: Ball 1-0: Ground out 6-3 (Groundball, 6, EV 93.1 MPH)
|
Batting: RHB Tony Mendez
|
0-0: Called Strike 0-1: Ground out 6-3 (Groundball, 56, EV 112.5 MPH)
|
Top of the 7th over - 0 runs, 0 hits, 0 errors, 0 left on base; Iowa 2 - Reno 2 |
BOTTOM OF THE 7TH |
Reno Aces batting - Pitching for Iowa Cubs : RHP Ryohei Uda
|
Batting: LHB Kyle Beaulieu
|
0-0: SINGLE (Groundball, 56S, EV 68.1 MPH) (infield hit)
|
Batting: LHB Kevin Ferguson
|
0-0: Bunted foul 0-1: Bunt missed! 0-2: Ball 1-2: Strikes out swinging
|
Batting: RHB Edgar Garcia
|
0-0: Ball Kyle Beaulieu steals 2nd base 1-0: Called Strike 1-1: Foul Ball, location: 2F 1-2: Ground out U3 (Groundball, 3, EV 82.5 MPH) Kyle Beaulieu to third
|
Pitching: RHP Harry Poindexter
|
|
Pinch Hitting: SHB Carlos Rodriguez
|
0-0: Ball 1-0: Called Strike 1-1: Foul Ball, location: 2F 1-2: Foul Ball, location: 2F 1-2: Foul Ball, location: 2F 1-2: Foul Ball, location: 2F 1-2: Ground out 4-3 (Groundball, 4, EV 89.4 MPH)
|
Bottom of the 7th over - 0 runs, 1 hit, 0 errors, 1 left on base; Iowa 2 - Reno 2 |
TOP OF THE 8TH |
Iowa Cubs batting - Pitching for Reno Aces : RHP Mike Osgood
|
Now at 1B: Cesar Chavez
|
|
Now at 2B: Kyle Beaulieu
|
|
Batting: SHB Seung-ho Zhang
|
0-0: Ball 1-0: Ball 2-0: Ball 3-0: Base on Balls
|
Batting: RHB Jon Aguilar
|
0-0: Sac Bunt to P - play at first, batter OUT! 1-3 Seung-ho Zhang to second
|
Batting: LHB Mark Ingram
|
0-0: Intentional Walk
|
Batting: RHB Ricardo Aguinaga
|
0-0: Ball 1-0: Ball Wild Pitch! Seung-ho Zhang to third Mark Ingram to second 2-0: Swinging Strike 2-1: Foul Ball, location: 2F 2-2: Ball 3-2: Base on Balls
|
Batting: SHB Gabriel Cruz
|
0-0: Called Strike 0-1: Called Strike 0-2: Strikes out looking
|
Batting: RHB Brian Gargis
|
0-0: Ball 1-0: Called Strike 1-1: Swinging Strike 1-2: Foul Ball, location: 2F 1-2: SINGLE (Flyball, 8RS, EV 93.8 MPH) Seung-ho Zhang scores Mark Ingram to third Ricardo Aguinaga to second Throwing error, E8 Mark Ingram scores Ricardo Aguinaga to third Brian Gargis to second
|
Batting: RHB Pat Barton
|
0-0: Swinging Strike 0-1: Ball 1-1: Foul Ball, location: 2F 1-2: Ball 2-2: Strikes out swinging
|
Top of the 8th over - 2 runs, 1 hit, 1 error, 2 left on base; Iowa 4 - Reno 2 |
BOTTOM OF THE 8TH |
Reno Aces batting - Pitching for Iowa Cubs : RHP Harry Poindexter
|
Pinch Hitting: LHB Steve Reinhart
|
0-0: Ball 1-0: Ball 2-0: Ball 3-0: Called Strike 3-1: Foul Ball, location: 2F 3-2: Foul Ball, location: 2F 3-2: Foul Ball, location: 2F 3-2: Fly out, F8 (Flyball, 8LD, EV 77.5 MPH)
|
Batting: RHB Roberto Rodriguez
|
0-0: Ball 1-0: Ground out 6-3 (Groundball, 6, EV 107.5 MPH)
|
Batting: LHB Ian Jarvis
|
0-0: Ball 1-0: Called Strike 1-1: Ball 2-1: Ball 3-1: Base on Balls
|
Batting: RHB Justin McQuarter
|
0-0: Ball 1-0: Foul Ball, location: 2F 1-1: Swinging Strike 1-2: Ball Wild Pitch! Ian Jarvis to second 2-2: Foul Ball, location: 2F 2-2: Strikes out swinging
|
Bottom of the 8th over - 0 runs, 0 hits, 0 errors, 1 left on base; Iowa 4 - Reno 2 |
TOP OF THE 9TH |
Iowa Cubs batting - Pitching for Reno Aces : RHP Mike Osgood
|
Pitching: LHP Afanasy Apatenko
|
|
Now at SS: Steve Reinhart
|
|
Batting: RHB Rich Thurman
|
0-0: Called Strike 0-1: Ball 1-1: Ball 2-1: Ball 3-1: Swinging Strike 3-2: Ground out 5-3 (Groundball, 56, EV 98.1 MPH)
|
Batting: RHB Tony Mendez
|
0-0: Ground out 4-3 (Groundball, 4S, EV 81.9 MPH)
|
Batting: SHB Seung-ho Zhang
|
0-0: Ball 1-0: Fly out, F7 (Flyball, 78M, EV 93.1 MPH)
|
Top of the 9th over - 0 runs, 0 hits, 0 errors, 0 left on base; Iowa 4 - Reno 2 |
BOTTOM OF THE 9TH |
Reno Aces batting - Pitching for Iowa Cubs : RHP Harry Poindexter
|
Pitching: RHP Josh Ready
|
|
Batting: LHB Jeff Densmore
|
0-0: Ball 1-0: Ball 2-0: SOLO HOME RUN (Flyball, 7D, EV 106.2 MPH), Distance : 397 ft
|
Batting: LHB Kyle Beaulieu
|
0-0: Swinging Strike 0-1: Ball 1-1: Foul Ball, location: 2F 1-2: Ball 2-2: Fly out, F7 (Flyball, 7, EV 78.1 MPH)
|
Batting: LHB Kevin Ferguson
|
0-0: Swinging Strike 0-1: SINGLE (Groundball, 6M, EV 101.9 MPH) (infield hit)
|
Pinch Hitting: SHB Gerardo Flores
|
0-0: Fielders Choice at 2nd, 4-6 (Groundball, 4, EV 86.9 MPH)
|
Batting: RHB Cesar Chavez
|
0-0: Ball 1-0: Ball 2-0: Ball 3-0: Base on Balls Gerardo Flores to second
|
Batting: LHB Steve Reinhart
|
0-0: Ball 1-0: Ball 2-0: Ground out U3 (Groundball, 3L, EV 95.0 MPH)
|
Bottom of the 9th over - 1 run, 2 hits, 0 errors, 2 left on base; Iowa 4 - Reno 3 |
|